 Dungeon Crawl Stone Soup version 0.25-a0-403-g49d089a (webtiles) character file.

Game seed: 3014007344002155606, levelgen mode: deterministic

129 Auros the Vandal (level 5, 0/34 HPs)
             Began as a Halfling Hunter on Jan 9, 2020.
             Succumbed to Robin's poison
             ... on level 2 of the Dungeon.
             The game lasted 00:06:27 (1557 turns).

Auros the Vandal (Halfling Hunter)                  Turns: 1557, Time: 00:06:27

Health: 0/34       AC:  3    Str: 13    XL:     5   Next: 35%
Magic:  5/5        EV: 14    Int:  9    God:
Gold:   94         SH:  6    Dex: 16    Spells: 4/4 levels left

rFire    . . .     SeeInvis .   a - +1 hunting sling
rCold    . . .     Gourm    .   g - +0 buckler
rNeg     . . .     Faith    .   c - +0 leather armour
rPois    .         Spirit   .   (no helmet)
rElec    .         Reflect  .   (no cloak)
rCorr    .         Harm     .   (no gloves)
MR       .....                  (no boots)
Stlth    ++........             (no amulet)
HPRegen  0.11/turn              (no ring)
MPRegen  0.09/turn              (no ring)

@: lethally poisoned (0 -> -6), flying
A: small, mutation resistance 1
a: no special abilities


You were on level 2 of the Dungeon.
You were not hungry.

You visited 1 branch of the dungeon, and saw 2 of its levels.

You collected 94 gold pieces.

Inventory:

Hand Weapons
 a - a +1 hunting sling (weapon)
 b - a +0 short sword
Missiles
 d - 20 sling bullets
 e - 15 bolts
 j - 12 poisoned darts
 Z - 23 stones (quivered)
Armour
 c - a +0 leather armour (worn)
 g - a +0 buckler (worn)
Scrolls
 f - a scroll of random uselessness {unknown}
 i - 3 scrolls of identify {unknown}
 l - a scroll of fear {unknown}
 t - a scroll of teleportation
Comestibles
 k - 2 chunks of flesh
 z - 3 rations


   Skills:
 - Level 1.7 Fighting
 + Level 7.7 Slings
 - Level 2.1 Dodging
 - Level 1.1 Stealth
 + Level 3.3 Shields


You had 4 spell levels left.
You didn't know any spells.
Your spell library was empty.

Dungeon Overview and Level Annotations

Branches:
Dungeon (2/15)

Altars:
Zin

Annotations:
D:2 Robin


Innate Abilities, Weirdness & Mutations

You are small and have problems with some larger weapons.
You are somewhat resistant to further mutation.


Message History

You feel sick.
* * * LOW HITPOINT WARNING * * *
You feel sick.
* * * LOW HITPOINT WARNING * * *
You feel sick.
* * * LOW HITPOINT WARNING * * *
You feel sick.
* * * LOW HITPOINT WARNING * * *
You feel sick.
It was a potion of flight.
You feel very buoyant.
You fly up into the air.
* * * LOW HITPOINT WARNING * * *
You feel sick. You block Robin's attack.
* * * LOW HITPOINT WARNING * * *
You feel sick.
* * * LOW HITPOINT WARNING * * *
You feel sick.
The hobgoblin no longer looks unusually strong.
You die...

##...####gg....
###.#.#
#(...((.gg.)...
.......
##...####g.....
##...# #(.## ....[
##.## #(## ^...
#... #g# .<. #.##
#)# ######+## #.##
#(# #.......# #...
#.# #@# #..# #..#
##.## #.# ##..#
#..#
#.(.####g###...##
#..#
#.#g.g..........#
#...
#...####.##....##
##.# #####
#.##.#..#########.#
#.................#
######.############
#.#


You could see Robin.

Vanquished Creatures
  A water moccasin zombie (D:2)
  Jessica (D:2)
  2 adders (D:2)
  A dart slug (D:1)
  2 leopard geckos (D:1)
  A bat (D:1)
  12 goblins
  3 hobgoblins (D:1)
  2 kobolds
  2 frilled lizards (D:1)
  A rat (D:2)
28 creatures vanquished.

Notes
Turn   | Place    | Note
-------+----------+-------------------------------------------
     0 | D:1      | Auros the Halfling Hunter began the quest for the Orb.
     0 | D:1      | Reached XP level 1. HP: 14/14 MP: 1/1
    74 | D:1      | Reached skill level 6 in Slings
   253 | D:1      | Reached XP level 2. HP: 19/19 MP: 2/2
   266 | D:1      | Reached skill level 1 in Shields
  1079 | D:2      | Reached XP level 3. HP: 16/24 MP: 3/3
  1230 | D:2      | Reached skill level 7 in Slings
  1230 | D:2      | Reached XP level 4. HP: 25/29 MP: 4/4
  1366 | D:2      | Found a glowing silver altar of Zin.
  1415 | D:2      | Noticed Jessica
  1418 | D:2      | Killed Jessica
  1418 | D:2      | Reached XP level 5. HP: 34/34 MP: 5/5
  1511 | D:2      | Noticed Robin
  1555 | D:2      | HP: 1/34 [poisoned by Robin]
  1557 | D:2      | Succumbed to Robin's poison

Levels and vault maps discovered:
D:1:      onia_arrival_pentagram, layout_basic
D:2:      layout_loops_corners, overflow_temple_1_default,
          uniq_crazy_yiuf_cottage, uniq_robin, uniq_jessica

Skill      XL: |  1  2  3  4 |
---------------+-------------+-----
Slings         | 6 7 |  7.7
Shields        | 1 2 3 |  3.3
Fighting       | |  1.7
Dodging        | |  2.1
Stealth        | |  1.1

Action                   |  1- 3 |  4- 6 || total
-------------------------+-------+-------++-------
Melee: Short sword       |    22 |     4 ||    26
 Fire: Hunting sling     |    43 |    33 ||    76
Throw: Stone             |     1 |     1 ||     2
  Use: Scroll            |       |     1 ||     1
       Potion            |       |     1 ||     1
  Eat: Chunk             |     1 |     1 ||     2
Armor: Leather armour    |     2 |     5 ||     7
Dodge: Dodged            |    24 |    14 ||    38
Block: Buckler           |     6 |    15 ||    21

Table legend:
 A = Non-vault XP
 B = Vault XP
 C = Vault XP percentage of total XP
 D = Non-vault monster count
 E = Vault monster count
 F = Vault count percentage of total count
                 A         B        C        D         E       F
            +---------+---------+-------+---------+---------+-------
      Total |     131 |      54 |  29.2 |      18 |      10 |  35.7
            +---------+---------+-------+---------+---------+-------
        D:1 |      26 |       0 |   0.0 |      12 |       0 |   0.0
        D:2 |     105 |      54 |  34.0 |       6 |      10 |  62.5
            +---------+---------+-------+---------+---------+-------
